Map: Ulrena

Players

zidar

  • Race: Zerg Zerg
  • League: Gold
  • Spawn Location: 7:00

AlphaKevin - Winner!

  • Race: Protoss Protoss
  • League: Gold
  • Spawn Location: 11:00

VOD

Have the link to the VOD?

Description

Time

  • Played on: June 6, 2016, 3:11 p.m.
  • Length: 11:06
Show
View Real Time Build Order
Export as new Build Order

zidar Zerg 

Build Orders: Pool First 

Get SALT Encoding   

  12  0:01  Drone  
  13  0:12  Overlord  
  13  0:17  Drone  
  13  0:21  Extractor  
  13  0:23  Drone  
  15  0:31  Drone  
  16  0:37  Drone  
  17  0:49  Spawning Pool  
  16  0:54  Drone  
  17  0:58  Extractor  
  17  1:16  Hatchery  
  16  1:19  Drone  
  16  1:22  Extractor  
  16  1:23  Drone  
  17  1:34  Drone  
  17  1:38  Queen  
  20  1:46  Drone  
  22  1:47  Drone  
  22  1:58  Overlord  
  22  2:05  Extractor, Drone  
  23  2:13  Extractor, Drone  
  23  2:24  Queen  
  25  2:33  Zergling x4  
  25  2:35  Metabolic Boost  
  27  2:40  Zergling x4  
  29  2:48  Zergling x2  
  30  2:51  Overlord  
  30  2:55  Zergling x4  
  30  2:56  Zergling x2  
  33  3:07  Drone x2  
  35  3:24  Drone x4  
  36  3:44  Spore Crawler  
  36  3:47  Spore Crawler  
  29  4:21  Roach Warren  
  28  4:27  Drone x4  
  32  4:32  Pneumatized Carapace  
  32  4:38  Hatchery  
  31  4:39  Zergling x2  
  31  4:40  Zergling x20  
  32  5:35  Zergling x24  
  41  5:49  Overlord  
  41  5:50  Overlord x2  
  41  5:53  Lair  
  41  6:03  Queen  
  43  6:26  Extractor  
  43  6:29  Drone x6  
  43  6:30  Extractor x2  
  43  6:31  Drone x3  
  44  6:54  Roach x12  
  66  7:02  Drone x4  
  66  7:05  Drone x3  
  73  7:24  Drone  
  73  7:26  Overlord x3  
  74  7:33  Hydralisk Den  
  74  7:35  Overseer  
  73  7:39  Drone  
  73  7:41  Overlord  
  73  7:42  Overlord  
  74  8:03  Hydralisk x4  
  82  8:07  Drone x3  
  82  8:09  Drone  
  86  8:16  Drone x3  
  89  8:24  Hydralisk x2  
  93  8:44  Hydralisk x5  
  93  8:47  Roach x2  
  107  8:57  Evolution Chamber  
  107  9:01  Evolution Chamber  
  105  9:04  Roach x4  
  105  9:06  Overlord  
  109  9:47  Muscular Augments  
  109  9:48  Queen  
  111  10:02  Overlord  
  111  10:03  Overlord x4  
  111  10:10  Drone x3  
  111  10:12  Drone x7  
  121  10:15  Overlord  
  121  10:16  Overlord x5  
  121  10:24  Hydralisk x2  
  121  10:26  Hydralisk  
  127  10:29  Hydralisk  
Show
View Real Time Build Order
Export as new Build Order

AlphaKevin Protoss - Winner!

Build Orders: Oracle Opening 

Get SALT Encoding   

  12  0:01  Probe (Chrono Boost)  
  13  0:11  Probe (Chrono Boost)  
  14  0:18  Pylon  
  14  0:22  Probe (Chrono Boost)  
  15  0:35  Assimilator  
  15  0:37  Probe (Chrono Boost)  
  16  0:49  Gateway  
  16  0:53  Probe (Chrono Boost)  
  17  1:03  Probe (Chrono Boost)  
  18  1:14  Probe (Chrono Boost)  
  19  1:24  Probe (Chrono Boost)  
  20  1:38  Cybernetics Core  
  20  1:47  Nexus  
  20  1:56  Probe (Chrono Boost)  
  21  2:05  Assimilator  
  21  2:11  Probe (Chrono Boost), Gateway  
  22  2:20  Stargate  
  22  2:24  Probe (Chrono Boost)  
  22  2:27  Pylon  
  23  2:41  Pylon  
  23  2:45  Probe (Chrono Boost)  
  24  2:55  Stalker  
  24  2:56  Probe (Chrono Boost)  
  27  2:59  Adept  
  27  3:04  Oracle (Chrono Boost)  
  31  3:20  Mothership Core  
  31  3:25  Adept  
  33  3:43  Probe  
  33  3:45  Probe  
  33  3:46  Adept  
  35  3:54  Oracle (Chrono Boost)  
  36  4:05  Probe  
  36  4:06  Pylon  
  36  4:07  Probe  
  36  4:09  Adept (Chrono Boost)  
  40  4:17  Probe  
  40  4:19  Probe  
  40  4:24  Adept (Chrono Boost)  
  44  4:30  Probe  
  46  4:31  Probe  
  46  4:36  Adept (Chrono Boost)  
  48  4:42  Probe  
  48  4:43  Probe  
  47  5:02  Probe x2  
  47  5:06  Adept x2 (Chrono Boost)  
  53  5:07  Void Ray  
  57  5:14  Probe  
  57  5:15  Probe  
  57  5:40  Probe x2  
  59  5:46  Stalker (Chrono Boost)  
  59  5:49  Pylon  
  61  5:52  Probe  
  62  5:59  Nexus  
  62  6:03  Pylon  
  62  6:06  Pylon x2  
  62  6:07  Probe  
  62  6:08  Pylon, Stalker (Chrono Boost)  
  62  6:10  Twilight Council  
  65  6:12  Gateway x2  
  65  6:18  Gateway  
  65  6:21  Gateway  
  65  6:33  Assimilator  
  65  6:35  Assimilator  
  65  6:45  Void Ray, Adept x2 (Chrono Boost)  
  73  6:53  Probe x2  
  75  7:05  Probe x2  
  75  7:06  Adept (Chrono Boost)  
  75  7:08  Adept (Chrono Boost)  
  81  7:12  Resonating Glaives (Chrono Boost)  
  81  7:18  Probe  
  81  7:19  Probe  
  81  7:20  Probe, Pylon  
  81  7:21  Pylon  
  81  7:22  Adept x3  
  90  7:29  Probe  
  90  7:30  Robotics Facility  
  90  7:31  Probe  
  90  7:32  Probe  
  90  7:36  Adept  
  95  7:37  Adept  
  95  7:39  Probe  
  95  7:44  Probe  
  99  7:46  Probe  
  99  7:50  Probe  
  100  7:58  Void Ray, Probe  
  105  7:59  Adept x2  
  105  8:01  Adept  
  112  8:06  Probe  
  112  8:08  Probe  
  112  8:10  Probe  
  115  8:13  Adept, Assimilator  
  115  8:16  Adept, Assimilator  
  119  8:26  Adept  
  121  8:32  Adept  
  121  8:33  Adept  
  126  8:34  Observer  
  126  8:36  Adept  
  126  8:41  Void Ray, Pylon  
  132  8:43  Pylon  
  132  9:02  Gateway  
  132  9:03  Gateway  
  132  9:05  Adept, Forge  
  132  9:08  Forge  
  132  9:09  Adept x4  
  142  9:11  Observer  
  143  9:29  Adept  
  143  9:36  Adept x2  
  149  9:41  Adept  
  148  10:07  Pylon  
  148  10:09  Pylon  
  148  10:11  Gateway  
  148  10:12  Gateway  
  148  10:13  Gateway  
  148  10:21  Adept  
  148  10:24  Warp Prism  
  148  10:25  Adept x2  
  148  10:27  Adept x2  
Tags
 
Add a new tag
Caveats
  • Supply blocks, unpowered buildings, or Contaminate may cause inaccurate times.
  • Supply counts are checked every 10 seconds.